AoeStats
← Amil YT

Black Forest

510719139Analyzed
2v2 RM · 1d ago on Oct 2, 2026· 61m 6s· 4 players
Game mode
Random Map
Map size
Medium (4 player)
Population
200
Speed
Normal
Resources
Standard
Victory
Conquest
Starting age
Dark Age
Ending age
Imperial Age
RankedLock teamsTeams togetherTeam positionsShared explorationLock speedFull tech treeHidden civsTurbo modeCheats
Victory
Defeat
🇷🇸 Teutons · Serbia
754
+14
🇨🇭 Teutons · Switzerland
744
+14
🇩🇪 Burgundians · Germany
724
-15
🇸🇰 Britons · Slovakia
690
-13
Kuzmikdepo
0:34 Loom
8:34 Double-Bit Axe
15:22 Feudal Age
15:23 Horse Collar
18:37 Heavy Plow
18:51 Bow Saw
23:08 Gold Mining
26:47 Castle Age
25:37 Gold Shaft Mining
26:06 Town Watch
26:28 Scale Barding Armor
26:35 Forging
27:30 Cavalier
28:11 Husbandry
29:06 Chain Barding Armor
30:12 Two-Man Saw
29:05 Stone Mining
30:43 Stone Shaft Mining
41:25 Imperial Age
39:35 Wheelbarrow
39:15 Murder Holes
39:36 Treadmill Crane
40:07 Fortified Wall
41:09 Burgundian Vineyards
42:08 Ballistics
44:40 Chemistry
43:28 Arrowslits
44:16 Fletching
44:26 Padded Archer Armor
46:24 Leather Archer Armor
46:04 Bodkin Arrow
48:19 Conscription
50:50 Hoardings
49:47 Sappers
50:35 Bracer
51:10 Iron Casting
50:36 Scale Mail Armor
50:02 Elite Skirmisher
53:31 Bombard Tower
52:36 Man-at-Arms
53:17 Squires
53:02 Arson
52:38 Pikeman
54:02 Caravan
54:43 Paladin
56:44 Onager
Fortis77
3:47 Loom
10:04 Feudal Age
13:05 Town Watch
17:55 Castle Age
16:19 Double-Bit Axe
18:03 Horse Collar
22:27 Bow Saw
22:43 Crossbowman
27:42 Padded Archer Armor
27:33 Fletching
28:25 Heavy Plow
29:01 Ballistics
28:59 Stone Mining
29:02 Gold Mining
30:06 Wheelbarrow
36:31 Imperial Age
34:49 Gold Shaft Mining
34:52 Fortified Wall
35:50 Hand Cart
35:43 Caravan
36:29 Leather Archer Armor
36:10 Bodkin Arrow
36:28 Forging
37:25 Capped Ram
39:15 Chemistry
39:30 Two-Man Saw
38:55 Elite Longbowman
40:07 Arbalester
42:13 Yeomen
43:14 Ring Archer Armor
45:06 Warwolf
48:16 Scale Barding Armor
48:12 Scale Mail Armor
49:34 Husbandry
48:55 Cavalier
52:25 Chain Barding Armor
52:20 Chain Mail Armor
52:41 Iron Casting
52:07 Bracer
froe
0:39 Loom
13:59 Feudal Age
14:53 Horse Collar
15:00 Double-Bit Axe
20:58 Castle Age
19:21 Gold Mining
20:23 Stone Mining
25:04 Bow Saw
25:58 Heavy Plow
26:06 Caravan
27:36 Stone Shaft Mining
28:54 Wheelbarrow
29:06 Town Watch
30:27 Fortified Wall
31:09 Hand Cart
30:59 Town Patrol
37:33 Ballistics
41:34 Imperial Age
40:20 Forging
40:11 Scale Mail Armor
40:16 Scale Barding Armor
40:11 Padded Archer Armor
40:02 Fletching
41:53 Cavalier
43:56 Chemistry
42:20 Onager
43:39 Siege Engineers
44:49 Conscription
44:56 Crenellations
45:23 Bloodlines
45:59 Iron Casting
48:21 Hoardings
47:49 Paladin
48:54 Chain Barding Armor
48:50 Chain Mail Armor
55:51 Elite Teutonic Knight
Amil YT
0:28 Loom
11:26 Feudal Age
12:45 Wheelbarrow
11:52 Horse Collar
11:59 Double-Bit Axe
19:29 Gold Mining
19:31 Stone Mining
23:43 Castle Age
24:50 Hand Cart
24:38 Heavy Plow
24:50 Bow Saw
26:57 Stone Shaft Mining
28:56 Scale Mail Armor
29:07 Forging
28:48 Fletching
28:58 Padded Archer Armor
29:52 Squires
29:38 Arson
29:14 Pikeman
32:54 Fortified Wall
40:52 Caravan
45:51 Imperial Age
46:53 Conscription
46:56 Crenellations
46:05 Onager
48:05 Chemistry
50:54 Elite Teutonic Knight
Connection lost

Rejoining the realm…

Still unreachable

The connection could not be restored.

Session expired

The server has moved on; the page needs a fresh start.